Map: Orbital Shipyard

Players

Caspa - Winner!

  • Race: Terran Terran
  • League: Platinum

Tamma

  • Race: Terran Terran
  • League: Diamond

VOD

Have the link to the VOD?

Description

Time

  • Played on: Feb. 12, 2016, 10:25 p.m.
  • Length: 17:27
Show
View Real Time Build Order
Export as new Build Order

Caspa Terran - Winner!

Build Orders: Reaper Expand, MMM Bio 

Get SALT Encoding   

  12  0:00  SCV  
  13  0:12  SCV  
  14  0:17  Supply Depot  
  14  0:25  SCV  
  15  0:39  SCV  
  15  0:41  Barracks  
  16  0:45  Refinery  
  16  0:51  SCV  
  17  1:03  SCV  
  18  1:15  SCV  
  19  1:28  Orbital Command  
  19  1:34  Reaper  
  20  1:44  Command Center  
  20  1:55  Supply Depot  
  20  1:59  SCV  
  20  2:10  Marine  
  20  2:13  Factory  
  20  2:14  SCV  
  22  2:18  Refinery  
  22  2:26  SCV  
  23  2:45  Marine  
  23  2:53  Barracks  
  22  3:09  Hellion  
  23  3:15  SCV  
  23  3:16  Barracks, Barracks Reactor  
  23  3:18  Barracks  
  25  3:39  Factory Tech Lab  
  25  3:48  Barracks Reactor  
  25  3:52  Barracks Reactor  
  25  3:53  Orbital Command  
  25  3:54  SCV  
  25  4:05  Starport  
  25  4:06  SCV  
  26  4:16  Marine  
  27  4:17  Marine  
  27  4:18  SCV  
  29  4:25  Marine  
  29  4:27  SCV  
  29  4:30  Marine, SCV  
  29  4:31  Marine  
  34  4:34  Marine  
  34  4:36  Marine  
  36  4:39  SCV  
  36  4:40  Supply Depot  
  36  4:42  SCV  
  36  4:43  Marine  
  39  4:48  Marine  
  39  4:51  Starport Tech Lab  
  40  4:57  Supply Depot, Barracks Tech Lab  
  40  4:59  Barracks Reactor  
  40  5:00  Siege Tank  
  40  5:03  Marine  
  40  5:04  SCV  
  40  5:06  Marine  
  47  5:07  SCV  
  47  5:13  Engineering Bay  
  47  5:18  Marine x2  
  49  5:28  SCV x2  
  51  5:30  Starport Reactor  
  51  5:31  Marine  
  51  5:32  Marine x2  
  54  5:36  Marine x3  
  54  5:39  Siege Tank  
  54  5:40  SCV x2  
  62  5:48  Supply Depot  
  62  5:50  Supply Depot  
  62  5:53  Supply Depot  
  62  6:07  Stimpack  
  62  6:10  Marine x5, SCV x2  
  69  6:12  Medivac  
  69  6:13  Medivac  
  69  6:17  Siege Tank  
  76  6:22  SCV x2  
  76  6:23  Refinery  
  78  6:26  Supply Depot  
  78  6:28  Refinery  
  78  6:33  Missile Turret  
  78  6:34  SCV x2  
  78  6:37  Missile Turret  
  78  6:38  Marine x2  
  78  6:39  Marine  
  83  6:57  Marine  
  83  6:58  Marine x5  
  83  6:59  Siege Tank  
  83  7:00  Medivac  
  94  7:13  Supply Depot x2  
  94  7:16  Supply Depot  
  94  7:30  Supply Depot  
  94  7:32  Supply Depot  
  94  7:34  Marine x3, SCV x2, Medivac x2  
  103  7:46  SCV  
  102  7:58  Marine x5  
  90  7:59  Marine x2  
  90  8:04  Terran Infantry Weapons Level 1, Medivac x2  
  90  8:05  Supply Depot x2  
  100  8:10  Engineering Bay  
  100  8:11  Armory  
  100  8:16  Marine  
  101  8:24  Marine x2  
  101  8:25  Marine x4  
  107  8:30  Combat Shields  
  107  8:33  Marine  
  107  8:42  Marine  
  108  9:05  Marine x2  
  108  9:06  Marine x5  
  108  9:07  Siege Tank  
  108  9:08  Medivac x2  
  106  9:23  Marine  
  83  9:42  Marine  
  83  9:43  Marine x4  
  83  9:46  Marine  
  83  9:47  Marine  
  83  9:48  Medivac x2  
  89  10:00  Marine x2  
  89  10:02  Marine x3  
  89  10:04  Marine x2, Siege Tank  
  99  10:08  Terran Infantry Weapons Level 2, Terran Infantry Armor Level 1  
  99  10:11  Liberator x2  
  99  10:14  Barracks  
  99  10:18  Marine x2  
  99  10:20  Marine x3  
  108  10:22  Marine  
  108  10:25  Marine  
  112  10:36  Marine x2, Siege Tank  
  112  10:38  Marine  
  118  10:57  Marine x4  
  118  10:58  Marine x2  
  118  11:24  Marine x3  
  118  11:25  Marine x4  
  97  11:42  Marine x5  
  97  11:43  Marine x2  
  104  11:52  Liberator x2  
  104  12:00  Marine x4  
  108  12:05  Marine x3  
  108  12:06  Terran Infantry Armor Level 2  
  108  12:07  Siege Tank  
  120  12:17  Marine  
  120  12:18  Marine x3  
  124  12:23  Marine x3  
  112  12:36  Marine x4  
  112  12:37  Liberator  
  106  12:39  Siege Tank  
  106  12:40  Marine  
  106  12:41  Marine  
  105  12:46  Marine  
  103  12:51  Terran Infantry Weapons Level 3  
  103  12:54  Marine x4, Orbital Command  
  110  12:58  Marine x2  
  112  13:12  Siege Tank  
  107  13:14  Refinery  
  107  13:18  Marine x2  
  107  13:19  Marine x3  
  112  13:20  Marine  
  113  13:37  Marine x3  
  116  13:41  Supply Depot  
  116  13:43  Supply Depot  
  116  13:49  Liberator x2  
  116  14:02  Marine  
  116  14:03  Marine x6  
  116  14:04  Siege Tank  
  109  14:20  Marine x2  
  94  14:29  Marine x5  
  99  14:32  Liberator x2  
  99  14:34  SCV x2  
  99  14:37  Siege Tank  
  99  14:38  Marine x2  
  104  14:42  Terran Infantry Armor Level 3  
  106  14:46  Marine, SCV  
  106  14:47  Marine x4  
  116  14:56  Marine x2  
  118  15:04  Marine x3  
  115  15:09  Siege Tank  
  115  15:15  Liberator x2  
  115  15:19  Marine x2  
  115  15:20  Marine x2  
  119  15:22  Marine x2  
  127  15:37  Marine x3  
  127  15:40  Marine x2  
  127  15:41  Marine, Siege Tank  
  112  15:55  Marine x3  
  111  15:58  Marine x3  
  111  16:03  Refinery  
  114  16:13  Marine x3  
  114  16:15  Medivac x2  
  121  16:23  Marine x3  
  124  16:25  Siege Tank  
  124  16:31  Marine x3  
  127  16:45  Medivac x2  
  129  16:57  Marine  
  129  16:58  Marine x5  
Show
View Real Time Build Order
Export as new Build Order

Tamma Terran 

Build Orders: Reaper Expand, MMM Bio 

Get SALT Encoding   

  12  0:01  SCV  
  13  0:13  Supply Depot  
  13  0:18  SCV  
  14  0:34  Refinery  
  14  0:37  Barracks  
  14  0:41  SCV  
  15  0:53  SCV  
  16  1:06  SCV  
  17  1:18  SCV  
  18  1:25  Reaper  
  19  1:30  Orbital Command  
  19  1:47  Command Center  
  19  1:57  Reaper  
  20  2:14  Barracks  
  20  2:16  SCV  
  21  2:28  SCV  
  21  2:29  Barracks Reactor  
  22  2:40  SCV  
  23  2:58  SCV  
  23  3:00  Supply Depot, Refinery, Orbital Command  
  23  3:02  Supply Depot  
  24  3:10  SCV  
  25  3:22  SCV  
  26  3:32  Factory  
  26  3:36  SCV x2  
  28  3:41  Marine x2  
  28  3:47  Barracks Tech Lab  
  28  3:48  SCV x2  
  32  3:59  Marine  
  32  4:00  SCV x2  
  35  4:08  Combat Shields  
  35  4:09  Engineering Bay  
  35  4:10  Marauder  
  35  4:12  SCV x2  
  35  4:13  Engineering Bay  
  35  4:16  Factory Tech Lab  
  39  4:20  Supply Depot  
  39  4:24  SCV x2  
  41  4:36  SCV  
  41  4:37  SCV  
  43  4:40  Terran Infantry Weapons Level 1, Terran Infantry Armor Level 1  
  43  4:47  Refinery  
  43  4:48  Refinery  
  43  4:56  Siege Tank  
  43  4:59  Bunker  
  46  5:07  SCV  
  46  5:08  SCV  
  46  5:12  Marine x2  
  50  5:20  SCV x2  
  52  5:23  Missile Turret  
  52  5:28  Missile Turret  
  52  5:30  Marine x2  
  52  5:31  Siege Tank  
  52  5:32  SCV  
  58  5:48  Marine x2  
  60  5:51  Command Center  
  60  6:06  Marine x2  
  60  6:07  Starport  
  61  6:17  Supply Depot, Barracks  
  61  6:20  Supply Depot, Barracks  
  61  6:24  Marine  
  62  6:38  Marine  
  62  6:39  Siege Tank, Marauder  
  68  6:41  Marine  
  68  6:43  Stimpack  
  69  6:49  Armory  
  69  6:51  SCV  
  70  6:56  Marine  
  70  6:59  Marine  
  70  7:00  Marauder  
  74  7:03  SCV  
  74  7:08  Barracks Tech Lab  
  75  7:10  Starport Reactor  
  75  7:11  Siege Tank  
  75  7:12  Barracks Reactor  
  75  7:14  Marine  
  75  7:15  SCV  
  80  7:17  Marine  
  80  7:20  Orbital Command  
  80  7:22  Marauder  
  83  7:27  SCV  
  84  7:32  Marine  
  84  7:35  Marine  
  86  7:39  SCV  
  86  7:43  Marauder  
  81  7:50  Marine  
  74  7:53  Marine  
  72  8:05  Marauder  
  74  8:06  SCV  
  74  8:07  Marine, SCV x2  
  78  8:19  Medivac, SCV x3  
  83  8:20  Medivac  
  83  8:26  Marauder  
  87  8:30  Marine x2  
  87  8:31  Marauder, SCV  
  92  8:35  Concussive Shells  
  92  8:37  Terran Infantry Armor Level 2  
  92  8:40  Terran Infantry Weapons Level 2  
  92  8:47  Marine  
  92  8:48  Marine  
  80  8:53  Marauder  
  82  8:55  Marine  
  82  8:56  Marine, Marauder  
  86  9:05  Marine x2  
  88  9:13  Marine  
  88  9:14  Marauder  
  86  9:18  Marauder  
  82  9:35  Marauder  
  82  10:15  SCV x3  
  82  10:20  Medivac x2  
  89  10:21  Siege Tank  
  89  10:27  SCV  
  93  10:32  Barracks  
  93  10:33  Barracks  
  93  10:35  SCV  
  93  10:36  SCV  
  93  10:39  SCV  
  89  10:46  Command Center  
  89  10:47  Marine x5, SCV  
  89  10:48  Marine, SCV  
  93  10:51  SCV  
  93  10:55  Command Center, Medivac  
  92  11:05  Marine x2  
  92  11:07  Marine  
  92  11:10  Marine x2  
  91  11:22  Medivac  
  91  11:23  Marine, Marauder  
  91  11:25  Marine, Siege Tank  
  77  11:26  Medivac  
  77  11:30  Marine  
  77  11:31  Marine, Marauder  
  65  11:41  Marine  
  65  11:43  Marine  
  65  11:44  Marauder  
  65  11:46  Refinery  
  69  11:47  Refinery  
  69  11:48  Marine x2  
  69  11:53  Marauder  
  73  11:57  Siege Tank, Viking  
  73  11:59  Marine  
  73  12:00  Marine  
  80  12:05  Marauder  
  80  12:06  Marine x2  
  84  12:10  Orbital Command  
  84  12:14  Marauder  
  86  12:17  Marine  
  87  12:27  Marauder  
  87  12:29  Siege Tank  
  78  12:35  Marauder  
  59  12:46  Marine x4  
  59  12:48  Marine  
  63  13:01  Siege Tank  
  63  13:03  Viking x2  
  63  13:04  Marine x5  
  75  13:06  Marauder  
  77  13:22  Marine x2, Marauder  
  81  13:27  Marine x2, Marauder  
  81  13:29  Orbital Command  
  85  13:39  Marine  
  85  13:40  Marine  
  87  13:43  Marauder, Missile Turret  
  87  13:45  Marine x2  
  91  13:49  Marauder  
  93  13:57  Marine x2, Medivac x2  
  99  14:03  Marine x2  
  99  14:05  Marauder  
  99  14:09  Marine  
  103  14:15  Marine x2  
  85  14:20  Marine  
  85  14:21  Marine  
  71  14:26  Marauder  
  71  14:27  Medivac  
  71  14:28  Marauder  
  72  14:33  Marine x2  
  72  14:38  Marine x2, Viking  
  78  14:48  Marauder  
  78  14:49  Marauder  
  78  14:51  Marine x2  
  84  14:56  Marine x2  
  84  14:57  Viking  
  78  15:08  Marine  
  78  15:09  Marine, Marauder  
  78  15:11  Marauder  
  78  15:14  Marine x2  
  82  15:26  Marine x2  
  84  15:30  Marauder  
  84  15:32  Marine x2, Marauder, SCV  
  72  15:44  Marine x2, SCV  
  72  15:49  Marine  
  75  15:50  Marine  
  75  15:51  Marine  
  75  15:52  Starport Reactor  
  75  15:53  Thor, Marauder  
  75  15:56  SCV  
  87  16:02  Marine x2  
  89  16:07  Marine x2  
  89  16:08  SCV  
  89  16:09  Marauder  
  94  16:15  Marauder  
  90  16:31  Marine, Marauder  
  93  16:36  Marine  
  93  16:37  Marauder  
  93  16:39  Thor  
  91  16:48  Marine  
  91  16:54  Marine x4  
  89  16:58  Marine  
Tags
 
Add a new tag
Caveats
  • Supply blocks, unpowered buildings, or Contaminate may cause inaccurate times.
  • Supply counts are checked every 10 seconds.